 Dungeon Crawl Stone Soup version 0.27.1-34-g3ba077fa99 (webtiles) character file.

Game seed: 4321173919983661312

541 boopmooplesden the Covered (level 7, -14/60 HPs)
             Began as a Minotaur Fighter on Jan 16, 2022.
             Demolished by Joseph (17 damage)
             ... on level 7 of the Dungeon.
             The game lasted 00:03:47 (3385 turns).

boopmooplesden the Covered (Minotaur Fighter)       Turns: 3385, Time: 00:03:47

Health: -14/60     AC: 10    Str: 21    XL:     7   Next: 5%
Magic:  6/6        EV:  6    Int:  5    God:
Gold:   155        SH: 10    Dex: 11    Spells: 6/6 levels left

rFire    . . .     SeeInvis .   a - +0 long sword (freeze)
rCold    . . .     Faith    .   c - +0 kite shield
rNeg     . . .     Spirit   .   k - +0 chain mail
rPois    .         Reflect  .   (helmet restricted)
rElec    .         Harm     .   (no cloak)
rCorr    .         Rampage  .   (no gloves)
Will     .....                  (no boots)
Stlth    ..........             (no amulet)
HPRegen  0.20/turn              (no ring)
MPRegen  0.10/turn              (no ring)

@: mighty
A: horns 2, retaliatory headbutt
a: no special abilities


You were on level 7 of the Dungeon.
You visited 1 branch of the dungeon, and saw 5 of its levels.

You collected 155 gold pieces.

Inventory:

Hand Weapons
 a - a +0 long sword of freezing (weapon)
Missiles
 i - a throwing net (quivered)
Armour
 b - a +0 scale mail
 c - a +0 kite shield (worn)
 k - a +0 chain mail (worn)
Jewellery
 f - an amulet of reflection
Wands
 h - a wand of flame (16)
Scrolls
 m - a scroll of blinking {unknown}
 n - a scroll of noise {unknown}
Potions
 e - a potion of magic
 g - a potion of attraction
 j - 2 potions of lignification {unknown}
 l - a potion of curing {unknown}


   Skills:
 + Level 4.9 Fighting
 + Level 4.9 Long Blades
 + Level 6.0 Armour
 + Level 2.3 Dodging
 + Level 5.3 Shields
 + Level 0.7 Evocations


You had 6 spell levels left.
You didn't know any spells.
Your spell library contained the following spells:

 Spells                   Type           Power      Damage    Failure   Level
 Sublimation of Blood     Necr           0%         N/A       100%        2
 Wereblood                Tmut           0%         N/A       100%        2
 Summon Hydra             Summ           0%         N/A       100%        7


Dungeon Overview and Level Annotations

Branches:
Dungeon (4/15)
 Temple: D:4-7

Altars:
Ru
Sif Muna
Vehumet

Annotations:
D:7 Joseph


Innate Abilities, Weirdness & Mutations

You have a pair of horns on your head.
You reflexively headbutt those who attack you in melee.


Message History

The helpless giant cockroach fails to defend itself.
You hit the giant cockroach. You freeze the giant cockroach.
You headbutt the giant cockroach, but do no damage.
The giant cockroach is severely wounded.
The helpless giant cockroach fails to defend itself.
You hit the giant cockroach. You freeze the giant cockroach.
You kill the giant cockroach!
You see here a giant cockroach corpse.
HP restored.
There is a sacrificial altar of Ru here.
Things that are here:
a +0 dagger; a +0 robe You open the door.
Joseph, a Mercenary comes into view.
He is wielding a +3 vorpal quarterstaff.
Joseph unwields a +3 vorpal quarterstaff.
Joseph wields a +0 hunting sling.
Joseph shoots a sling bullet.
The sling bullet hits you!
You feel very mighty all of a sudden.
Joseph shoots a sling bullet.
The sling bullet hits you!
Joseph unwields a +0 hunting sling.
Joseph wields a +3 vorpal quarterstaff.
Joseph barely misses you. You furiously retaliate!
You headbutt Joseph!
You riposte.
You completely miss Joseph.
Joseph is moderately wounded.
There is an open door here.
You barely miss Joseph.
Joseph is moderately wounded.
Joseph hits you with a +3 vorpal quarterstaff!
* * * LOW HITPOINT WARNING * * *
x2 You hit Joseph.
You freeze Joseph.
Joseph is moderately wounded.
You block Joseph's attack.
You barely miss Joseph.
Joseph is moderately wounded.
Joseph barely misses you.
Joseph hits you with a +3 vorpal quarterstaff!
* * * LOW HITPOINT WARNING * * *
x2 You slash Joseph!
You freeze Joseph.
Joseph is heavily wounded.
Joseph hits you with a +3 vorpal quarterstaff!
You die...

##### #...#
#.#. ###..#
#..@.#
+#######@.#
#...#...#...#
#...#.†.#..##
#...)...#..#
###._)###...
#.......#....
#.†.#...#....#
#...#...#....#
+#######+


You could see Joseph.

Vanquished Creatures
  2 ogres (D:4)
  A scorpion (D:4)
  A water moccasin skeleton (D:4)
  An orc priest (D:4)
  An orc wizard (D:7)
  An iguana (D:4)
  3 gnolls (D:4)
  8 adders
  5 worms
  7 orcs (D:4)
  3 endoplasms
  5 giant cockroaches
  7 goblins
  6 hobgoblins
  8 jackals (D:2)
  2 quokkas
  6 ball pythons
  2 bats (D:2)
  3 frilled lizards
  4 kobolds (D:1)
  8 rats
84 creatures vanquished.

Notes
Turn   | Place    | Note
-------+----------+-------------------------------------------
     0 | D:1      | boopmooplesden the Minotaur Fighter began the quest for the
                  | Orb.
     0 | D:1      | Reached XP level 1. HP: 19/19 MP: 0/0
    89 | D:1      | Reached skill level 4 in Armour
   209 | D:1      | Reached XP level 2. HP: 27/27 MP: 1/1
   505 | D:1      | Found a faded altar of an unknown god.
   740 | D:2      | Found a shimmering blue altar of Sif Muna.
   761 | D:2      | Reached XP level 3. HP: 28/33 MP: 2/2
   781 | D:2      | Reached skill level 1 in Dodging
  1325 | D:2      | Reached XP level 4. HP: 40/40 MP: 3/3
  1810 | D:3      | Found a radiant altar of Vehumet.
  2562 | D:4      | Reached skill level 5 in Armour
  2562 | D:4      | Reached XP level 5. HP: 43/47 MP: 4/4
  2580 | D:4      | HP: 2/47 [poisoned by a scorpion]
  2748 | D:4      | Noticed an ogre
  2754 | D:4      | Killed an ogre
  2755 | D:4      | Reached skill level 5 in Shields
  2755 | D:4      | Reached XP level 6. HP: 53/53 MP: 5/5
  3134 | D:4      | Reached skill level 6 in Armour
  3342 | D:4      | You fall into a shaft and drop 3 floors!
  3342 | D:7      | Found a sacrificial altar of Ru.
  3344 | D:7      | Reached XP level 7. HP: 60/60 MP: 6/6
  3379 | D:7      | Noticed Joseph
  3384 | D:7      | HP: 2/60 [Joseph (3)]
  3385 | D:7      | Demolished by Joseph

Illustrated notes

Levels and vault maps discovered:
D:1:      enne_arrival_octagon_isle, layout_basic,
          hellmonk_ecumenical_altar_inner_sanctum
D:2:      layout_rooms, basic_altar, minmay_distorted
D:3:      layout_basic, mainiacjoe_overflow_tiny_flanked, serial_glass,
          glass_columns_a, glass_columns_a, minmay_strange_pillars
D:4:      layout_gridville, guppyfry_early_lair_pool
D:7:      layout_basic, nicolae_ru_great_annihilating_truth,
          overflow_temple_1_default, uniq_joseph

Skill      XL: |  1  2  3  4  5  6 |
---------------+-------------------+-----
Armour         | 4 5 6 |  6.0
Fighting       | 4 |  4.9
Dodging        | 1 2 |  2.3
Long Blades    | 3 4 |  4.9
Shields        | 4 5 |  5.3
Evocations     | |  0.7

Action                   |  1- 3 |  4- 6 |  7- 9 || total
-------------------------+-------+-------+-------++-------
Melee: Long sword        |    94 |    95 |    13 ||   202
       Headbutt          |    12 |    24 |     1 ||    37
Evoke: Wand              |       |     5 |       ||     5
  Use: Scroll            |     1 |     2 |       ||     3
       Potion            |       |     3 |     1 ||     4
 Stab: Paralysed         |       |       |     2 ||     2
Armor: Scale mail        |    67 |    13 |       ||    80
       Chain mail        |       |    36 |     5 ||    41
Dodge: Dodged            |    42 |    34 |     3 ||    79
Block: Kite shield       |    67 |    68 |     4 ||   139
       Rpst.: Long sword |     9 |    10 |     1 ||    20
